 Dungeon Crawl Stone Soup version 0.28.0 (webtiles) character file.

Game seed: 7646523330676448301

100 Selrock the Sneak (level 5, -2/32 HPs)
             Began as a Kobold Brigand on Feb 11, 2022.
             Was a Believer of Zin.
             Killed from afar by a white imp (6 damage)
             ... with a puff of frost
             ... on level 3 of the Dungeon.
             The game lasted 00:06:00 (2814 turns).

Selrock the Sneak (Kobold Brigand)                  Turns: 2814, Time: 00:06:01

Health: -2/32      AC:  4    Str: 10    XL:     5   Next: 3%
Magic:  5/5        EV: 15    Int: 12    God:    Zin [**....]
Gold:   116        SH:  0    Dex: 17    Spells: 4/4 levels left

rFire   . . .      SeeInvis .   a - +2 dagger
rCold   . . .      Faith    .   (no shield)
rNeg    . . .      Spirit   .   b - +0 robe
rPois   .          Reflect  .   (no helmet)
rElec   .          Harm     .   c - +0 cloak
rCorr   .          Rampage  .   (no gloves)
Will    .....                   i - +0 pair of boots
Stlth   ++++......              (no amulet)
HPRegen 0.10/turn               (no ring)
MPRegen 0.09/turn               (no ring)

@: on recite cooldown
A: small, no large weapons, nightstalker 3
a: Renounce Religion, Recite, Vitalisation, Donate Gold


You were on level 3 of the Dungeon.
You worshipped Zin.
Zin was pleased with you.
You visited 1 branch of the dungeon, and saw 4 of its levels.

You collected 128 gold pieces.
You donated 12 gold pieces to Zin.

Inventory:

Hand Weapons
 a - a +2 dagger (weapon)
Missiles
 d - 8 poisoned darts (quivered)
 e - 2 curare-tipped darts
 s - 3 boomerangs
Armour
 b - a +0 robe (worn)
 c - a +0 cloak (worn)
 i - a +0 pair of boots (worn)
Scrolls
 f - 2 scrolls of identify {unknown}
 g - a scroll of amnesia {unknown}
 j - a scroll of silence {unknown}
 l - a scroll of fog {unknown}
 m - a scroll of enchant weapon {unknown}
 p - a scroll of holy word {unknown}
 q - a scroll of vulnerability {unknown}
 u - a scroll of teleportation {unknown}
Potions
 h - a potion of lignification {unknown}
 k - a potion of berserk rage {unknown}
 n - a potion of resistance {unknown}
 o - a potion of magic {unknown}
 r - a potion of curing {unknown}
 t - a potion of cancellation {unknown}


   Skills:
 + Level 3.0 Fighting
 + Level 3.7 Short Blades
 + Level 3.0 Throwing
 + Level 2.5 Dodging
 + Level 6.0 Stealth


You had 4 spell levels left.
You didn't know any spells.
Your spell library contained the following spells:

 Spells                   Type           Power      Damage    Failure   Level
 Sublimation of Blood     Necr           0%         N/A       45%         2
 Petrify                  Tmut/Erth      0%         N/A       97%         4
 Irradiate                Conj/Tmut      0%         3d13      100%        5


Dungeon Overview and Level Annotations

Branches:
Dungeon (4/15)
 Temple: D:4-7

Altars:
Zin

Shops:
D:1 =

Annotations:
D:3 Eustachio


Innate Abilities, Weirdness & Mutations

You are small and have problems with some larger weapons.
You are completely attuned to the shadows.


Message History

A goblin comes into view. It is wielding a +0 club.
An orc comes into view. It is wielding a +0 dagger.
The helpless goblin fails to defend itself.
You impale the goblin!!
You kill the goblin!
The helpless orc fails to defend itself.
You impale the orc!!
You kill the orc!
Your Fighting skill increases to level 3!
Found a leather armour.
A hobgoblin comes into view.
Things that are here:
a +0 dagger; 3 boomerangs A hobgoblin is nearby!
The hobgoblin shouts!
You hit the hobgoblin.
The hobgoblin is heavily wounded.
The hobgoblin barely misses you.
You barely miss the hobgoblin.
The hobgoblin is heavily wounded.
The hobgoblin hits you but does no damage.
You hit the hobgoblin.
The hobgoblin is severely wounded.
The hobgoblin barely misses you.
You hit the hobgoblin.
You kill the hobgoblin!
s - 3 boomerangs You see here a +0 dagger.
Things that are here:
a +0 club; a goblin corpse A ball python comes into view.
There is a stone staircase leading up here.
The ball python hisses angrily.
You hit the ball python.
The ball python is severely wounded.
The ball python misses you. x2
You hit the ball python.
You kill the ball python!
An orc comes into view. It is wielding a +0 short sword.
The orc shouts!
You hit the orc.
The orc is heavily wounded.
You hit the orc.
You kill the orc!
Your Throwing skill increases to level 3!
Things that are here:
a +0 short sword; an orc corpse
Things that are here:
a +0 short sword; an orc corpse
Things that are here:
a +0 short sword; an orc corpse A ball python comes into view.
The helpless ball python fails to defend itself.
You stick the ball python like a pincushion!!!
You kill the ball python!
Found a golden potion.
t - a golden potion A hobgoblin comes into view.
The hobgoblin shouts!
You hit the hobgoblin.
The hobgoblin is lightly wounded.
The hobgoblin barely misses you.
You hit the hobgoblin.
You kill the hobgoblin!
Found a scroll labelled DUILAG ODER.
u - a scroll labelled DUILAG ODER
Found a stone staircase leading down.
Found a dagger.
You see here a +0 dagger.
An endoplasm comes into view.
The helpless endoplasm fails to defend itself.
You perforate the endoplasm like a sieve!!!
You kill the endoplasm!
An adder comes into view.
The helpless goblin fails to defend itself.
You spit the goblin like a pig!!!
You kill the goblin!
Things that are here:
a +0 dagger; a goblin corpse The helpless adder fails to defend itself.
You impale the adder!!
You kill the adder!
Your Stealth skill increases to level 6!
You have reached level 5!
You feel agile.
Found a scale mail.
You open the door.
Found a faded altar of an unknown god.
There is an open door here.
There is a faded altar of an unknown god here.
There is an open door here.
You open the door.
Done exploring.
Done exploring.
Done exploring.
There is a stone staircase leading down here.
You climb downwards.
Found a red potion.
There is a stone staircase leading up here.
A white imp comes into view.
Found a book of Cantrips.
You see here a red potion.
The white imp shouts!
The white imp gestures at you. The puff of frost hits you!
You hit the white imp.
The white imp is lightly wounded.
Eustachio the Magnificent comes into view.
He is wielding a +1 vampiric rapier.
You closely miss the white imp. You punch the white imp.
The white imp is lightly wounded.
The white imp closely misses you.
Eustachio gestures wildly while chanting.
Eustachio blinks!
You hit the white imp but do no damage.
The white imp is lightly wounded.
The white imp gestures at you. The puff of frost misses you.
You hit the white imp but do no damage.
The white imp is lightly wounded.
The white imp misses you.
You hit the white imp but do no damage.
The white imp is lightly wounded.
The white imp gestures at you. The puff of frost misses you.
You hit the white imp.
The white imp is moderately wounded.
The white imp hits you but does no damage.
You barely miss the white imp.
The white imp is moderately wounded.
You hit the white imp but do no damage.
The white imp is moderately wounded.
The white imp gestures at you. The puff of frost hits you.
You hit the white imp but do no damage.
The white imp is moderately wounded.
The white imp misses you. The white imp gestures at you.
The puff of frost misses you.
There is a stone staircase leading up here.
Eustachio mumbles some strange words.
You climb upwards.
There is a stone staircase leading down here.
There is an open door here.
There is a faded altar of an unknown god here.
You cannot tell which god this altar belongs to.
Convert to them anyway?
Zin accepts your prayer! Zin welcomes you!
You pay a tithe of 12 gold.
You can now recite Zin's Axioms of Law.
You can now donate money to Zin.
You can now call upon Zin for vitalisation.
You start resting.
HP restored.
You offer a prayer to Zin.
There is an open door here.
There is a stone staircase leading down here.
You climb downwards.
Level annotation: Eustachio The white imp grinds its teeth.
There is a stone staircase leading up here.
The white imp hits you but does no damage.
Eustachio hits you with a +1 vampiric rapier!
You climb upwards.
There is a stone staircase leading down here.
Activating: Recite (10% risk of failure)
Press: ? - help, Dir - look around, f - activate Look: Eustachio, wielding a +1 vampiric rapier and wearing a +0 leather armour You clear your throat and prepare to recite. "And Zin, furious at their doubt, held..."
The white imp gestures at you. The puff of frost hits you!
Eustachio casts a spell.
Eustachio blinks!
You hit the white imp.
The white imp is moderately wounded.
The white imp shouts, "Slither hence, thou errant onion-eyed Cock-Lorel!"
The white imp closely misses you.
You hit the white imp but do no damage.
The white imp is moderately wounded. "...aloft a silver sceptre!
The unbelievers..."
The white imp hits you but does no damage.
You hit the white imp but do no damage.
The white imp is moderately wounded. "...were expelled, and thus the way of things was maintained."
Eustachio is dazed by your recitation.
You finish reciting Apostates 24:67.
The white imp hits you but does no damage.
You closely miss the white imp.
The white imp is moderately wounded.
Eustachio is lost in a daze.
The white imp hits you.
* * * LOW HITPOINT WARNING * * *
The white imp freezes you.
* * * LOW HITPOINT WARNING * * *
You're not ready to recite again yet.
Eustachio mumbles some strange words.
The white imp hits you but does no damage.
The white imp closely misses you.
Eustachio is lost in a daze.
The white imp gestures at you. The puff of frost hits you.
You die...

#...# ####.....#.##.# #.#.
#...#####.......##.##.####
##...
#........<##..#....).....#
#....
..........##..#.##.#.....#
#.##.
..............#.##.......#
#.##.
..........#.....@###.....#
#.... #...#####.#.#.#5.#
#.....# #..##
#................# #######
#..## #...#######.#.##@#
#.... #...# #.#.##.# ##.##
#...# #.#.##.######## #.#
#...## #......##.....# #.#
#....#
###.#####.###.######.#
.....#
#.#####.#..........#
.....#
#.....#.#.#.########
#..#.############)......#
.............## #########


You could see Eustachio (dazed) and a white imp.

Vanquished Creatures
  6 adders
  3 orcs
  3 bats
  5 endoplasms
  A giant cockroach (D:1)
  4 goblins
  4 hobgoblins
  6 jackals (D:2)
  A quokka (D:2)
  4 ball pythons
  A frilled lizard (D:2)
  3 rats
41 creatures vanquished.

Notes
Turn   | Place    | Note
-------+----------+-------------------------------------------
     0 | D:1      | Selrock the Kobold Brigand began the quest for the Orb.
     0 | D:1      | Reached XP level 1. HP: 12/12 MP: 1/1
   497 | D:1      | Reached XP level 2. HP: 18/18 MP: 2/2
   918 | D:1      | Found Atididya's Jewellery Shoppe.
  1357 | D:2      | Reached XP level 3. HP: 22/22 MP: 3/3
  1618 | D:2      | Reached XP level 4. HP: 24/27 MP: 4/4
  2561 | D:3      | Reached skill level 6 in Stealth
  2561 | D:3      | Reached XP level 5. HP: 32/32 MP: 5/5
  2593 | D:3      | Found a faded altar of an unknown god.
  2633 | D:4      | Noticed Eustachio
  2673 | D:3      | Prayed at the altar of an unknown god.
  2673 | D:3      | Became a worshipper of Zin the Law-Giver
  2673 | D:3      | Reached * piety under Zin
  2673 | D:3      | Reached ** piety under Zin
  2814 | D:3      | Killed from afar by a white imp

Illustrated notes

Levels and vault maps discovered:
D:1:      giann_wishing_wells, layout_loops_ring, serial_glass, glass_columns_a,
          glass_columns_a, glass_columns_a, glass_columns_a, serial_shops, shop
D:2:      layout_basic, hangedman_abyss_or_decor_lesser_grid
D:3:      layout_loops_cross, shapermc_ecumenical_altar_mp_vishouse,
          grunt_decor_resistance
D:4:      layout_rooms, minmay_temple_entry_junction, serial_shops,
          nicolae_shop_bloodbath_and_beyond, serial_rivers,
          chequers_serial_rivers_micro_e, chequers_serial_rivers_small_b,
          chequers_serial_rivers_room_a, chequers_serial_rivers_large_b,
          chequers_serial_rivers_micro_a, chequers_serial_rivers_micro_d,
          minivault_25, st_stairs_10, uniq_pikel, uniq_grinder, uniq_eustachio

Skill      XL: |  1  2  3  4 |
---------------+-------------+-----
Short Blades   | 3 |  3.7
Dodging        | 2 |  2.5
Fighting       | 3 |  3.0
Throwing       | 3 |  3.0
Stealth        | 6 |  6.0

Action                   |  1- 3 |  4- 6 || total
-------------------------+-------+-------++-------
Melee: Dagger            |    68 |    45 ||   113
       Punch             |     2 |     1 ||     3
Invok: Recite            |       |     1 ||     1
 Stab: Sleeping          |    11 |    11 ||    22
Armor: Robe              |    11 |    11 ||    22
Dodge: Dodged            |    28 |    18 ||    46
